 Dungeon Crawl Stone Soup version 0.27-a0-543-gd81048afd2 (webtiles) character file.

Game seed: 6552077102076872181

43 Astera the Sneak (level 3, 0/18 HPs)
             Began as a Spriggan Brigand on Mar 7, 2021.
             Slain by a worm (6 damage)
             ... on level 2 of the Dungeon.
             The game lasted 00:04:44 (2754 turns).

Astera the Sneak (Spriggan Brigand)                 Turns: 2754, Time: 00:04:44

Health: 0/18       AC:  3    Str:  7    XL:     3   Next: 37%
Magic:  4/4        EV: 17    Int: 18    God:
Gold:   45         SH:  0    Dex: 17    Spells: 2/2 levels left

rFire    . . .     SeeInvis +   a - +2 dagger
rCold    . . .     Faith    .   (shield restricted)
rNeg     . . .     Spirit   .   b - +0 robe
rPois    .         Reflect  .   (helmet restricted)
rElec    .         Harm     .   c - +0 cloak
rCorr    +         Rampage  .   (gloves unavailable)
Will     .....                  (boots unavailable)
Stlth    ++++......             (no amulet)
HPRegen  0.06/turn              h - +6 ring of intelligence
MPRegen  0.09/turn              l - ring of resist corrosion

@: very quick
A: very small, unfitting armour, see invisible, speed 3
a: no special abilities


You were on level 2 of the Dungeon.
You visited 1 branch of the dungeon, and saw 2 of its levels.

You collected 45 gold pieces.

Inventory:

Hand Weapons
 a - a +2 dagger (weapon)
Missiles
 d - 7 poisoned darts (quivered)
 e - 2 curare-tipped darts
 i - 2 atropa-tipped darts
Armour
 b - a +0 robe (worn)
 c - a +0 cloak (worn)
Jewellery
 h - a +6 ring of intelligence (left hand)
 j - a +6 ring of intelligence
 l - a ring of resist corrosion (right hand)
Scrolls
 k - a scroll of identify {unknown}
 n - a scroll of immolation {unknown}
 o - a scroll of blinking {unknown}
Potions
 f - a potion of degeneration {unknown}
 g - a potion of ambrosia {unknown}
 m - a potion of might {unknown}


   Skills:
 + Level 1.8 Fighting
 + Level 2.7 Short Blades
 - Level 2.0 Throwing
 + Level 2.0 Dodging
 + Level 7.0 Stealth


You had 2 spell levels left.
You didn't know any spells.
Your spell library was empty.

Dungeon Overview and Level Annotations

Branches:
Dungeon (2/15)

Altars:


Innate Abilities, Weirdness & Mutations

You are very small and have problems with some larger weapons.
You are too small for most types of armour.
You have supernaturally acute eyesight. (SInv)
You cover ground extremely quickly. (Speed+++)


Message History

The worm looks even sicker.
Throw: 6 darts (poison)
Press: ? - help, Q - select action, (/) - cycle Shift-Dir - straight line, f/p - worm
Aim: a worm (lightly wounded, very poisoned, 79% to hit)
You throw a poisoned dart.
The poisoned dart barely misses the worm.
Throw: 5 darts (poison)
Press: ? - help, Q - select action, (/) - cycle Shift-Dir - straight line, f/p - worm
Aim: a worm (lightly wounded, very poisoned, 79% to hit)
You throw a poisoned dart. The poisoned dart hits the worm.
The worm looks even sicker.
The worm is lightly wounded.
Throw: 4 darts (poison)
Press: ? - help, Q - select action, (/) - cycle Shift-Dir - straight line, f/p - worm
Aim: a worm (lightly wounded, very poisoned, 79% to hit)
Okay, then.
Throw: 4 darts (poison)
Press: ? - help, Q - select action, (/) - cycle Shift-Dir - straight line, f/p - worm
Aim: a worm (lightly wounded, very poisoned, 79% to hit)
You throw a poisoned dart. The poisoned dart hits the worm.
The worm looks as sick as possible!
The worm is lightly wounded.
d - 5 poisoned darts (gained 2)
There are no items here.
d - 6 poisoned darts (gained 1)
You see here a poisoned dart.
d - 7 poisoned darts (gained 1)
You hit the worm but do no damage.
The worm is heavily wounded.
You hit the worm.
The worm is severely wounded.
The worm bites you!
Ouch! That really hurt!
* * * LOW HITPOINT WARNING * * *
You hit the worm.
The worm is severely wounded.
You hit the worm.
The worm is almost dead.
The worm bites you.
You die...

##......#..#.# #...######
...####.##.#.#####........#
####
####.#.#............####.#
#.....................#
≈≈≈≈≈≈≈####.............###.##
≈≈§≈≈≈≈≈##..##.#...#<##.#
§§≈≈≈§§§##.##.#........#
§§≈§≈§≈≈≈####w#...#.####
§§§§§§§≈≈≈≈###@#...#.#
§≈≈§§≈≈≈≈≈≈#.........#
#r.#≈≈≈≈≈≈≈#.####.###......
#.§......'.# #.... .##...
#..§.§...'§# #....>.# #
#§w#§≈§§≈≈≈### #........
§§≈§b≈≈§≈≈≈# #......##
≈§§≈§≈≈≈≈≈≈# #........
§≈§≈≈§§§≈≈## ..#####


You could see a worm (very poisoned).

Vanquished Creatures
  4 dart slugs (D:1)
  A leopard gecko (D:1)
  3 giant cockroaches (D:1)
  5 goblins
  4 hobgoblins (D:1)
  4 jackals (D:1)
  3 kobolds (D:1)
  3 bats (D:1)
  A frilled lizard (D:1)
  A rat (D:1)
29 creatures vanquished.

Notes
Turn   | Place    | Note
-------+----------+-------------------------------------------
     0 | D:1      | Astera the Spriggan Brigand began the quest for the Orb.
     0 | D:1      | Reached XP level 1. HP: 10/10 MP: 2/2
   413 | D:1      | Reached skill level 6 in Stealth
   598 | D:1      | Reached XP level 2. HP: 9/14 MP: 3/3
  1362 | D:1      | Reached XP level 3. HP: 18/18 MP: 4/4
  1378 | D:1      | Reached skill level 7 in Stealth
  2754 | D:2      | Slain by a worm

Illustrated notes

Levels and vault maps discovered:
D:1:      minmay_arrival_shattered_statue, layout_basic,
          minmay_misc_feat_columns
D:2:      kennysheep_big_flooded_room, layout_loops_cross,
          nicolae_overflow_hidden_temple, uniq_terence

Skill      XL: |  1  2  3 |
---------------+----------+-----
Stealth        | 6 7 |  7.0
Dodging        | 2 |  2.0
Fighting       | |  1.8
Short Blades   | |  2.7
Throwing       | |  2.0

Action                   || total
-------------------------++-------
Melee: Dagger            ||   159
Throw: Dart              ||     6
 Stab: Sleeping          ||     8
Armor: Robe              ||    13
Dodge: Dodged            ||    88

Table legend: (Time is in decaauts)
 A = Elapsed time spent in this place.
 B = Non-inter-level travel time spent in this place.
 C = Inter-level travel time spent in this place.
 D = Time resting spent in this place.
 E = Time spent auto-exploring this place.
 F = Levels seen in this place.
 G = Mean time per level.
                   A        B        C        D        E       F      G
               +--------+--------+--------+--------+--------+-----+--------+
         Total |   2360 |   2342 |     18 |   1059 |    953 |   2 | 1180.0 |
       Dungeon |   2360 |   2342 |     18 |   1059 |    953 |   2 | 1180.0 |
               +--------+--------+--------+--------+--------+-----+--------+

Top non-repeatable levels by time:
     D:1: 2135 daAuts
     D:2: 224 daAuts
